 Dungeon Crawl Stone Soup version 0.28-a0-445-g51f8dfeb47 (webtiles) character file.

Game seed: 17918562778476311626

918 Majang the Chopper (level 7, -12/56 HPs)
             Began as a Demonspawn Cinder Acolyte on Sept 13, 2021.
             Was a Follower of Ignis.
             Mangled by an ogre (23 damage)
             ... on level 5 of the Dungeon.
             The game lasted 00:20:15 (7549 turns).

Majang the Chopper (Demonspawn Cinder Acolyte)      Turns: 7549, Time: 00:20:15

Health: -12/56     AC:  8    Str: 17    XL:     7   Next: 83%
Magic:  8/8        EV:  9    Int: 15    God:    Ignis [*.....]
Gold:   208        SH:  4    Dex:  8    Spells: 8/8 levels left

rFire   + . .      SeeInvis .   a - -1 hand axe (flame)
rCold   . . .      Faith    .   (no shield)
rNeg    . . .      Spirit   .   q - +0 scale mail
rPois   .          Reflect  .   j - +0 helmet
rElec   .          Harm     .   (no cloak)
rCorr   .          Rampage  .   l - +0 pair of gloves
Will    .....                   (no boots)
Stlth   ..........              (no amulet)
HPRegen 0.18/turn               (no ring)
MPRegen 0.11/turn               (no ring)

@: no status effects
A: condensation shield, demonic magic 2
a: Renounce Religion, Sea of Fire, Foxfire Swarm


You were on level 5 of the Dungeon.
You worshipped Ignis.
Ignis was aware of your devotion.
You visited 2 branches of the dungeon, and saw 6 of its levels.

You collected 208 gold pieces.

Inventory:

Hand Weapons
 a - a -1 hand axe of flaming (weapon)
 b - a +0 hand axe
Missiles
 r - 11 boomerangs (quivered)
Armour
 h - a +0 leather armour
 j - a +0 helmet (worn)
 l - a +0 pair of gloves (worn)
 o - a +0 ring mail
 q - a +0 scale mail (worn)
Wands
 s - a wand of iceblast (1)
Scrolls
 c - a scroll of immolation
 d - a scroll of fog
 e - 6 scrolls of identify {unknown}
 f - a scroll of vulnerability
 g - a scroll of silence
 k - a scroll of teleportation
Potions
 i - a potion of cancellation {unknown}
 p - a potion of curing


   Skills:
 + Level 5.3 Fighting
 * Level 6.5 Axes
 + Level 1.4 Throwing
 + Level 2.2 Armour
 + Level 2.1 Dodging
 - Level 1.0 Spellcasting
 - Level 2.6 Fire Magic


You had 8 spell levels left.
You didn't know any spells.
Your spell library contained the following spells:

 Spells                   Type           Power      Damage    Failure   Level
 Scorch                   Fire           16%        2d5       38%         2
 Magic Dart               Conj           0%         1d3       63%         1
 Searing Ray              Conj           0%         2d4       77%         2
 Slow                     Hex            0%         N/A       77%         2
 Confusing Touch          Hex            0%         N/A       94%         3
 Fulminant Prism          Conj/Hex       0%         3d6       100%        4
 Fireball                 Conj/Fire      2%         3d4       100%        5
 Yara's Violent Unravell  Hex/Tmut       0%         3d3       100%        5
 Starburst                Conj/Fire      2%         6d3       100%        6
 Ignition                 Fire           4%         3d4       100%        8


Dungeon Overview and Level Annotations

Branches:
Dungeon (5/15)             Temple (1/1) D:4

Altars:
Ashenzari
Cheibriados
Dithmenos
Fedhas
Gozag
Hepliaklqana
Kikubaaqudgha
Nemelex Xobeh
Qazlal
Ru
Uskayaw
Vehumet
Xom
Zin
The Shining One

Shops:
D:2 [

Annotations:
D:3 1 runed translucent door, Crazy Yiuf
D:5 Grinder, Pikel, Sigmund


Innate Abilities, Weirdness & Mutations

A meltable shield of frost defends you. (SH +4)
Spells you cast may paralyse nearby enemies.


Message History

The foxfire hits the black bear.
The black bear is moderately wounded.
The black bear bites you. The black bear closely misses you.
You block the black bear's attack.
The ogre hits you with a +0 giant spiked club.
Flames leap up around you!
You can no longer rocket upward and away.
The foxfire hits the hound.
The hound is almost dead.
The black bear bites you.
The black bear claws you but does no damage.
The black bear claws you.
The ogre hits you with a +0 giant spiked club!!
* * * LOW HITPOINT WARNING * * *
You hit the ogre but do no damage.
The ogre is moderately wounded.
You hit the black bear but do no damage.
You hit the hound but do no damage.
The foxfire hits the black bear.
The black bear is moderately wounded.
The foxfire hits the ogre.
The ogre is moderately wounded.
The foxfire hits the hound.
You kill the hound!
The foxfire hits the ogre.
The ogre is heavily wounded.
The foxfire hits the black bear.
The black bear is heavily wounded.
The foxfire hits the black bear.
The black bear is heavily wounded.
The foxfire hits the black bear.
The black bear is severely wounded.
The black bear bites you.
* * * LOW HITPOINT WARNING * * *
The black bear claws you but does no damage.
You block the black bear's attack.
Okay, then.
Okay, then.
Flames leap up around you!
The ogre hits you with a +0 giant spiked club!!
You die... # #.# ..# ##### #vhv# ## #v@v# .### #vOv# .... #vvv#

.###
#...#
##
..⌠..
#.....#
##...##
##.##


You could see a black bear (ally target) and an ogre (ally target).

Vanquished Creatures
  3 ogres
  A phantom (D:4)
  A scorpion (D:5)
  4 orc priests
  2 hounds
  A bullfrog skeleton (D:4)
  A gnoll shaman (D:5)
  Jessica (D:1)
  An iguana (D:4)
  2 orc wizards (D:3)
  A hound skeleton (D:4)
  Robin (D:1)
  3 gnolls (D:4)
  3 adders
  An ufetubus (D:4)
  A worm (D:3)
  2 dart slugs (D:4)
  15 orcs
  11 ball pythons
  2 bats (D:1)
  8 endoplasms
  2 giant cockroaches (D:4)
  10 hobgoblins
  8 kobolds
  4 quokkas
  6 frilled lizards
  19 goblins
  3 rats
117 creatures vanquished.

Vanquished Creatures (others)
  A hobgoblin (D:4)
  105 foxfires
106 creatures vanquished.

Grand Total: 223 creatures vanquished

Notes
Turn   | Place    | Note
-------+----------+-------------------------------------------
     0 | D:1      | Majang the Demonspawn Cinder Acolyte began the quest for
                  | the Orb.
     0 | D:1      | Reached XP level 1. HP: 18/18 MP: 2/2
   544 | D:1      | Reached skill level 3 in Axes
   721 | D:1      | Found a faded altar of an unknown god.
   749 | D:1      | Gained mutation: Spells you cast may paralyse adjacent
                  | enemies. [demonic ancestry]
   749 | D:1      | Reached XP level 2. HP: 15/24 MP: 3/3
  2020 | D:2      | Found Otruigrir's Antique Armour Shop.
  2030 | D:2      | Reached XP level 3. HP: 20/29 MP: 4/4
  2244 | D:2      | Noticed Jessica
  2263 | D:1      | Killed Jessica
  2542 | D:2      | Reached skill level 4 in Axes
  2581 | D:2      | Noticed Robin
  2603 | D:2      | Reached XP level 4. HP: 21/37 MP: 5/5
  2638 | D:1      | Killed Robin
  3369 | D:2      | Found a shimmering altar of Xom.
  4064 | D:3      | Gained mutation: Spells you cast may paralyse nearby
                  | enemies. [demonic ancestry]
  4064 | D:3      | Reached XP level 5. HP: 17/42 MP: 6/6
  4430 | D:3      | Found a hazy altar of Hepliaklqana.
  4475 | D:3      | Noticed an ogre
  4492 | D:3      | Killed an ogre
  4493 | D:3      | Reached skill level 5 in Axes
  4756 | D:3      | Reached XP level 6. HP: 47/49 MP: 7/7
  4905 | D:3      | Found a runed translucent door.
  4906 | D:3      | Noticed Crazy Yiuf
  5001 | D:4      | Found a staircase to the Ecumenical Temple.
  5009 | Temple   | Entered the Ecumenical Temple
  5416 | D:4      | Found an ancient bone altar of Kikubaaqudgha.
  5435 | D:4      | Reached skill level 1 in Armour
  5435 | D:4      | Reached skill level 1 in Dodging
  5435 | D:4      | Gained mutation: A meltable shield of frost defends you.
                  | (SH +4) [demonic ancestry]
  5435 | D:4      | Reached XP level 7. HP: 45/55 MP: 8/8
  6047 | D:4      | Reached skill level 5 in Fighting
  6090 | D:3      | HP: 2/56 [orc priest/divine providence (12)]
  6095 | D:3      | Reached skill level 6 in Axes
  6539 | D:4      | Found a broken altar of Ashenzari.
  6588 | D:4      | Found a stormy altar of Qazlal.
  7003 | D:4      | Reached skill level 1 in Throwing
  7066 | D:5      | Entered Level 5 of the Dungeon
  7068 | D:5      | Noticed Pikel
  7402 | D:5      | Noticed Grinder
  7423 | D:5      | Noticed Sigmund
  7549 | D:5      | Mangled by an ogre

Illustrated notes

Levels and vault maps discovered:
D:1:      lightli_arrival_quake, layout_basic, basic_ecumenical_altar
D:2:      layout_basic, serial_shops, nicolae_shop_stone, basic_altar,
          serial_bayou_pond_e, kennysheep_generic_room_14, uniq_robin,
          uniq_jessica
D:3:      layout_loops_ring, lemuel_coloured_pillars_altar,
          uniq_crazy_yiuf_cottage
D:4:      layout_gridville, kennysheep_mini, grunt_qazlal_sundering,
          minmay_temple_entry_tees, minmay_ruined_shrine
D:5:      layout_loops_ring, grunt_ministairs_14, minmay_statues_item,
          solitary_fountain, kennysheep_small_spiral, uniq_pikel, uniq_sigmund,
          uniq_grinder, uniq_ijyb, uniq_eustachio, uniq_blork_the_orc
Temple:   nicolae_temple_no_exploring_needed

Skill      XL: |  1  2  3  4  5  6  7 |
---------------+----------------------+-----
Axes           | 3 4 5 6 |  6.5
Fighting       | 4 5 |  5.3
Armour         | 1 2 |  2.2
Dodging        | 1 2 |  2.1
Throwing       | 1 |  1.4
Spellcasting   | |  1.0
Fire Magic     | |  2.6

Action                   |  1- 3 |  4- 6 |  7- 9 || total
-------------------------+-------+-------+-------++-------
Melee: Hand axe          |   147 |   180 |   189 ||   516
Invok: Foxfire Swarm     |     3 |     4 |     3 ||    10
  Use: Scroll            |       |       |     7 ||     7
 Stab: Sleeping          |     1 |       |       ||     1
Armor: Robe              |    22 |       |       ||    22
       Leather armour    |    11 |    39 |       ||    50
       Ring mail         |       |    10 |       ||    10
       Scale mail        |       |     8 |    70 ||    78
Dodge: Dodged            |    86 |    79 |    73 ||   238
Block: Other             |       |       |    30 ||    30

Table legend: (Time is in decaauts)
 A = Elapsed time spent in this place.
 B = Non-inter-level travel time spent in this place.
 C = Inter-level travel time spent in this place.
 D = Time resting spent in this place.
 E = Time spent auto-exploring this place.
 F = Levels seen in this place.
 G = Mean time per level.
                   A        B        C        D        E       F      G
               +--------+--------+--------+--------+--------+-----+--------+
         Total |   7594 |   7423 |    171 |   3393 |   2694 |   6 | 1265.7 |
       Dungeon |   7585 |   7414 |    171 |   3393 |   2694 |   5 | 1517.0 |
        Temple |      9 |      9 |      0 |      0 |      0 |   1 |    9.0 |
               +--------+--------+--------+--------+--------+-----+--------+

Top non-repeatable levels by time:
     D:1: 2524 daAuts
     D:4: 1716 daAuts
     D:3: 1664 daAuts
     D:2: 1494 daAuts
     D:5: 184 daAuts
  Temple: 9 daAuts
